AoeStats
← O grande

Arabian Desert

508632244Analyzed
1v1 RM · 8d ago on Sep 23, 2026· 23m 12s· 2 players
Game mode
Random Map
Map size
Tiny (2 player)
Population
200
Speed
Normal
Resources
Standard
Victory
Conquest
Starting age
Dark Age
Ending age
Imperial Age
RankedLock teamsTeams togetherTeam positionsShared explorationLock speedFull tech treeHidden civsTurbo modeCheats
Victory
Defeat
🇧🇷 Hindustanis · Brazil
2091
+10
🇩🇪 Varangians · Germany
1958
-10
Nazareth
5:09 Loom
9:02 Feudal Age
10:40 Double-Bit Axe
10:38 Horse Collar
14:30 Bloodlines
18:22 Town Watch
20:02 Scale Mail Armor
21:06 Forging
21:18 Scale Barding Armor
O grande
6:14 Loom
8:55 Feudal Age
9:52 Double-Bit Axe
12:12 Horse Collar
18:50 Castle Age
18:13 Bloodlines
18:09 Scale Barding Armor
19:43 Bow Saw
21:32 Wheelbarrow
22:05 Town Watch
22:42 Gold Mining
22:54 Fletching
Connection lost

Rejoining the realm…

Still unreachable

The connection could not be restored.

Session expired

The server has moved on; the page needs a fresh start.